 Dungeon Crawl Stone Soup version 0.29.1-1-gd02db6906a (webtiles) character file.

Game seed: 8684151165067188944

766 lanetrain the Caller (level 7, -1/46 (49) HPs)
             Began as a Merfolk Summoner on Sept 29, 2022.
             Was an Elder of Jiyva.
             Slain by Prince Ribbit (16 damage)
             ... on level 7 of the Dungeon.
             The game lasted 00:21:20 (5104 turns).

lanetrain the Caller (Merfolk Summoner)             Turns: 5104, Time: 00:21:21

HP:   -1/46 (49)    AC:  7    Str: 15    XL:     7   Next: 82%
MP:   13/13         EV: 11    Int: 15    God:    Jiyva [****..]
Gold: 355           SH:  0    Dex: 20    Spells: 8/14 levels left

rFire   + . .      SeeInvis .   n - +6 spear of Balance {chaos, Int+3}
rCold   . . .      Faith    +   (no shield)
rNeg    . . .      Spirit   .   l - +0 scale mail
rPois   .          Reflect  .   (no helmet)
rElec   .          Harm     .   (no cloak)
rCorr   +          Rampage  .   (no gloves)
Will    .....                   g - +0 pair of boots
Stlth   +.........              o - amulet of faith
HPRegen 1.43/turn               (no ring)
MPRegen 0.53/turn               (no ring)

@: drained
A: (nimble swimmer 2), mertail, agile 2, fire resistance 1, strong 2, jelly
absorbing missiles, engulf
a: Renounce Religion, Oozemancy, Slimify


You were on level 7 of the Dungeon.
You worshipped Jiyva.
Jiyva was greatly pleased with you.
You visited 1 branch of the dungeon, and saw 7 of its levels.

You collected 355 gold pieces.

Inventory:

Hand Weapons
 c - a +0 dagger
 e - a +0 short sword
 j - a +1 short sword of freezing
 n - the +6 spear of Balance (weapon) {chaos, Int+3}
   (You found it on level 4 of the Dungeon)

   Each time it hits an enemy it has a different, random effect.
   Int:       It affects your intelligence (+3).
Missiles
 f - 28 stones
Armour
 a - a +0 robe
 g - a +0 pair of boots (worn)
 l - a +0 scale mail (worn)
Magical Staves
 k - a staff of cold
Jewellery
 o - an amulet of faith (around neck)
Wands
 h - a wand of paralysis (1)
Scrolls
 i - a scroll of brand weapon
 p - 3 scrolls of identify
 r - a scroll of noise
Potions
 b - a potion of magic
 d - a potion of attraction
 m - a potion of curing
 q - 3 potions of resistance


   Skills:
 + Level 1.8 Fighting
 + Level 1.3 Short Blades
 + Level 2.7 Polearms
 + Level 1.5 Armour
 + Level 3.8 Dodging
 + Level 3.3 Stealth
 + Level 4.0 Spellcasting
 * Level 6.6 Summonings


You had 8 spell levels left.
You knew the following spells:

 Your Spells              Type           Power      Damage    Failure   Level
a - Summon Small Mammal   Summ           92%        N/A       4%          1
b - Call Imp              Summ           23%        N/A       7%          2
c - Call Canine Familiar  Summ           23%        N/A       14%         3

Your spell library contained the following spells:

 Spells                   Type           Power      Damage    Failure   Level
 Summon Guardian Golem    Hex/Summ       13%        N/A       47%         3
 Summon Lightning Spire   Summ/Air       13%        N/A       87%         4
 Gell's Gravitas          Tloc           3%         N/A       91%         3
 Lesser Beckoning         Tloc           3%         N/A       91%         3
 Ozocubu's Armour         Ice            3%         N/A       91%         3
 Teleport Other           Tloc           3%         N/A       91%         3
 Ozocubu's Refrigeration  Ice            1%         4d7       100%        7


Dungeon Overview and Level Annotations

Branches:
Dungeon (7/15)
 Temple: D:4-7

Altars:
Elyvilon
Gozag
Sif Muna
Uskayaw
Wu Jian
The Shining One
Jiyva

Annotations:
D:7 Prince Ribbit


Innate Abilities, Weirdness & Mutations

((You are very nimble when in or above water. (Stealth+, EV+, Speed+++)))
Your lower body shifts to a powerful aquatic tail in water.
You are very agile. (Dex +8, Str/Int -2)
Your flesh is heat resistant. (rF+)
Your muscles are very strong. (Str +8, Int/Dex -2)
You have a small jelly attached to you that may absorb projectiles.
Your melee attacks may engulf your foes in ooze.


Message History

Prince Ribbit is severely wounded.
Prince Ribbit closely misses you.
You closely miss Prince Ribbit.
Prince Ribbit is severely wounded.
Prince Ribbit hits you. Something hits your bat!
Your bat dies!
Your bat's corpse disappears in a puff of smoke!
Prince Ribbit barely misses you.
You miss Prince Ribbit.
Prince Ribbit is severely wounded.
Prince Ribbit closely misses you.
You closely miss Prince Ribbit.
Prince Ribbit is severely wounded.
Prince Ribbit hits you!
The necrophage barely misses your quokka.
Prince Ribbit croaks regally.
Prince Ribbit blinks!
You hit Prince Ribbit. You freeze Prince Ribbit.
Prince Ribbit is severely wounded.
The necrophage hits your quokka. Prince Ribbit hits you.
You swap places.
The necrophage hits you.
You feel drained.
Prince Ribbit closely misses your quokka.
Casting: Summon Small Mammal (safe; 4% risk of failure)
Confirm with . or Enter, or press ? or * to list all spells.
Prince Ribbit hits your quokka!
Your quokka dies!
Your quokka's corpse disappears in a puff of smoke!
The necrophage hits you.
You closely miss the necrophage.
The necrophage hits you but does no damage.
Prince Ribbit hits you!
Your quokka barely misses Prince Ribbit.
You closely miss the necrophage. Prince Ribbit hits you.
The necrophage hits you.
* * * LOW HITPOINT WARNING * * *
Your quokka bites Prince Ribbit.
You hit the necrophage.
You engulf the necrophage in ooze!
The necrophage is lightly damaged.
Prince Ribbit hits you!
You die...

######...
#.n......
#@######
#F#....#
#r...#.#
########.#
#...# #.#
#.#.####.#
#<#......#
##########


You could see Prince Ribbit (ally target), a necrophage (engulfed) and a
friendly quokka (summoned).

Vanquished Creatures
  An ogre (D:5)
  A nameless horror (D:5)
  4 wights (D:6)
  4 hounds (D:5)
  4 iguanas
  2 orc wizards
  3 white imps
  An ufetubus (D:5)
  A dart slug (D:5)
  10 orcs
  4 bats
  2 giant cockroaches
  A goblin (D:2)
  2 hobgoblins
  3 kobolds
  5 quokkas
  4 rats
52 creatures vanquished.

Vanquished Creatures (collateral kills)
  Jessica (D:2)
  An adder (D:2)
  A white imp (D:5)
  2 dart slugs (D:1)
  6 orcs
  An endoplasm (D:1)
  3 goblins
  A hobgoblin (D:2)
  5 kobolds
  A quokka (D:2)
  2 frilled lizards (D:2)
  3 rats
27 creatures vanquished.

Vanquished Creatures (others)
  A hound (D:6)
  2 jellies
  An orc wizard (D:7)
  An ufetubus (D:5)
  4 orcs
  A bat (D:2)
  An endoplasm (D:3)
  A kobold (D:2)
  A frilled lizard (D:2)
  A goblin (D:2)
  3 fungi (D:1)
17 creatures vanquished.

Grand Total: 96 creatures vanquished

Notes
Turn   | Place    | Note
-------+----------+-------------------------------------------
     0 | D:1      | lanetrain the Merfolk Summoner began the quest for the Orb.
     0 | D:1      | Reached XP level 1. HP: 13/13 MP: 3/3
   594 | D:1      | Reached XP level 2. HP: 15/19 MP: 3/5
   880 | D:1      | Found a faded altar of an unknown god.
   908 | D:1      | Prayed at the altar of an unknown god.
   908 | D:1      | Became a worshipper of Jiyva Jaexeq the Shapeless
   908 | D:1      | Reached * piety under Jiyva
  1382 | D:2      | Noticed Jessica
  1388 | D:2      | Killed Jessica
  1389 | D:2      | Reached skill level 5 in Summonings
  1389 | D:2      | Reached XP level 3. HP: 24/24 MP: 4/6
  1483 | D:2      | Reached ** piety under Jiyva
  1609 | D:2      | Reached XP level 4. HP: 25/30 MP: 7/7
  2238 | D:3      | Found a white marble altar of Elyvilon.
  2663 | D:3      | Reached *** piety under Jiyva
  2672 | D:3      | Learned a level 2 spell: Call Imp
  2676 | D:3      | Learned a level 3 spell: Call Canine Familiar
  2747 | D:3      | Found an ornate altar of the Wu Jian Council.
  2990 | D:4      | Reached XP level 5. HP: 35/35 MP: 9/9
  3019 | D:4      | Found a glowing golden altar of the Shining One.
  3094 | D:4      | Gained mutation: Your muscles are strong. (Str +4, Int/Dex
                  | -1) [Jiyva's grace]
  3094 | D:4      | Gained mutation: Your muscles are very strong. (Str +8,
                  | Int/Dex -2) [Jiyva's grace]
  3094 | D:4      | Gained mutation: You have hidden genetic potential.
                  | [Jiyva's grace]
  3094 | D:4      | Gained mutation: You have great hidden genetic potential.
                  | [Jiyva's grace]
  3224 | D:4      | Found an opulent altar of Gozag.
  3324 | D:4      | Found a shimmering blue altar of Sif Muna.
  3338 | D:4      | Identified the +6 spear of Balance {chaos, Int+3}
  3479 | D:4      | Found a hide-covered altar of Uskayaw.
  3545 | D:5      | Entered Level 5 of the Dungeon
  3648 | D:5      | Reached **** piety under Jiyva
  3679 | D:5      | Reached skill level 1 in Short Blades
  3768 | D:5      | Reached skill level 1 in Fighting
  3883 | D:5      | Reached XP level 6. HP: 43/43 MP: 10/10
  3897 | D:5      | Gained mutation: Your flesh is heat resistant. (rF+)
                  | [hidden potential]
  4007 | D:5      | Reached skill level 1 in Polearms
  4014 | D:5      | Reached skill level 1 in Armour
  4044 | D:5      | Noticed an ice beast
  4062 | D:5      | Noticed a nameless horror
  4087 | D:5      | Killed a nameless horror
  4088 | D:5      | Slimified an ice beast
  4088 | D:5      | Noticed a slime creature
  4088 | D:5      | an ice beast changed into a slime creature
  4139 | D:5      | Reached skill level 6 in Summonings
  4139 | D:5      | Reached XP level 7. HP: 46/48 MP: 12/12
  4141 | D:5      | Gained mutation: You are agile. (Dex +4, Str/Int -1)
                  | [hidden potential]
  4141 | D:5      | Lost mutation: You have great hidden genetic potential.
                  | [hidden potential expressed]
  4547 | D:6      | Lost mutation: You are agile. (Dex +4, Str/Int -1) [Jiyva's
                  | grace]
  4547 | D:6      | Lost mutation: You have hidden genetic potential. [Jiyva's
                  | grace]
  4547 | D:6      | Gained mutation: You have a small jelly attached to you
                  | that may absorb projectiles. [Jiyva's grace]
  4547 | D:6      | Gained mutation: You are agile. (Dex +4, Str/Int -1)
                  | [Jiyva's grace]
  4547 | D:6      | Gained mutation: You are very agile. (Dex +8, Str/Int -2)
                  | [Jiyva's grace]
  4547 | D:6      | Gained mutation: Your melee attacks may engulf your foes in
                  | ooze. [Jiyva's grace]
  5068 | D:7      | Noticed Prince Ribbit
  5104 | D:7      | Slain by Prince Ribbit

Illustrated notes

Levels and vault maps discovered:
D:1:      dpeg_arrival_simpleton_c, layout_loops_corners,
          dreamdust_ecumenical_altar_grove
D:2:      layout_loops_ring, uniq_jessica
D:3:      layout_rooms, nicolae_wu_jian_immortal_techniques,
          mainiacjoe_overflow_paths
D:4:      layout_loops_cross, nicolae_uskayaw_suspiria, tso_metal_star,
          nicolae_gozag_cash_rules_everything_around_me, lemuel_crystal_altar
D:5:      layout_basic, nicolae_figureground_sparkle
D:6:      layout_basic, kennysheep_cross_bottleneck
D:7:      layout_basic, lemuel_coloured_pillars_altar,
          minmay_temple_entry_drinking_statues, uniq_prince_ribbit1

Skill      XL: |  1  2  3  4  5  6  7 |
---------------+----------------------+-----
Summonings     | 5 6 |  6.6
Dodging        | 3 |  3.8
Stealth        | 3 |  3.3
Spellcasting   | 3 4 |  4.0
Short Blades   | 1 |  1.3
Fighting       | 1 |  1.8
Polearms       | 2 |  2.7
Armour         | 1 |  1.5

Action                   |  1- 3 |  4- 6 |  7- 9 || total
-------------------------+-------+-------+-------++-------
Melee: Dagger            |    20 |       |       ||    20
       Short sword       |    26 |    76 |       ||   102
       Spear             |       |    60 |    46 ||   106
       Punch             |       |     1 |       ||     1
 Cast: Summon Small Mamm |    21 |    28 |     8 ||    57
       Call Imp          |       |    10 |     5 ||    15
       Call Canine Famil |       |     1 |     1 ||     2
Invok: Slimify           |       |     1 |       ||     1
       Oozemancy         |       |       |     1 ||     1
  Use: Scroll            |     2 |     5 |     1 ||     8
       Potion            |       |     4 |       ||     4
 Stab: Sleeping          |     1 |     1 |       ||     2
       Distracted        |       |       |     1 ||     1
Armor: Robe              |    14 |    22 |       ||    36
       Skin              |       |    14 |       ||    14
       Scale mail        |       |    36 |     5 ||    41
Dodge: Dodged            |    27 |    94 |    16 ||   137
